 Dungeon Crawl Stone Soup version 0.30-a0-743-gbfdf073431 (webtiles) character file.

Game seed: 5816200088409331722

41213 boo the Spry (level 14, -1/126 HPs)
             Began as a Merfolk Gladiator on Feb 6, 2023.
             Was a High Priest of Okawaru.
             Succumbed to a swamp dragon's poison gas
             ... on level 5 of the Lair of Beasts.
             The game lasted 00:45:55 (15308 turns).

boo the Spry (Merfolk Gladiator)                   Turns: 15308, Time: 00:45:56

Health: -1/126     AC: 12    Str: 24    XL:     14   Next: 14%
Magic:  3/14       EV: 24    Int:  6    God:    Okawaru [*****.]
Gold:   826        SH:  0    Dex: 20    Spells: 13/13 levels left

rFire   + . .      SeeInvis .    a - +3 long sword
rCold   . . .      Faith    .    (no shield)
rNeg    . . .      Spirit   +    v - +2 leather armour {rF+}
rPois   .          Reflect  .    E - +1 helmet
rElec   .          Harm     .    K - +0 cloak
rCorr   .          Rampage  .    y - +0 pair of gloves
Will    +++..                    F - +0 pair of boots
Stlth   +++++                    h - amulet of guardian spirit
HPRegen 1.21/turn                n - ring of willpower
MPRegen 0.14/turn                c - +6 ring of strength

@: lethally poisoned (-1 -> -32)
A: (nimble swimmer 2), mertail, iridescent scales 1, agile 1, strong-willed 1,
regeneration 1
a: Renounce Religion, Heroism, Finesse, Duel


You were on level 5 of the Lair of Beasts.
You worshipped Okawaru.
Okawaru was extremely pleased with you.
You visited 3 branches of the dungeon, and saw 16 of its levels.

You collected 826 gold pieces.

Inventory:

Hand Weapons
 a - a +3 long sword (weapon)
 o - the +9 flail "Paaxedd" {heavy, rN++ MP+9 Dex-4 Stlth+}
   (You found it on level 2 of the Lair of Beasts)

   Dex:       It affects your dexterity (-4).
   rN:        It greatly protects you from negative energy.
   MP:        It affects your magic capacity (+9).
   Stlth:     It makes you more stealthy.
 J - a +1 scimitar of flaming
Missiles
 d - 2 throwing nets (quivered)
 e - 5 javelins
 t - 3 silver javelins
 M - 2 boomerangs
Armour
 v - a +2 leather armour of fire resistance (worn)
 y - a +0 pair of gloves (worn)
 C - +0 steam dragon scales
 E - a +1 helmet (worn)
 F - a +0 pair of boots (worn)
 K - a +0 cloak (worn)
Jewellery
 c - a +6 ring of strength (right hand)
 h - an amulet of guardian spirit (around neck)
 n - a ring of willpower (left hand)
 A - an amulet of the acrobat
Wands
 p - a wand of light (9)
 u - a wand of mindburst (5)
 w - a wand of paralysis (16)
 G - a wand of flame (22)
Scrolls
 f - 2 scrolls of brand weapon
 i - 4 scrolls of enchant armour
 j - 4 scrolls of teleportation
 l - 2 scrolls of fear
 q - 5 scrolls of fog
 r - 3 scrolls of silence
 z - 2 scrolls of magic mapping
 N - a scroll of blinking {unknown}
Potions
 b - a potion of haste {unknown}
 g - a potion of might
 k - 4 potions of curing
 m - a potion of invisibility
 s - 4 potions of heal wounds
 x - 5 potions of brilliance
 B - a potion of berserk rage {unknown}
 D - 2 potions of flight {unknown}
 H - a potion of resistance {unknown}
 I - a potion of cancellation {unknown}
 L - a potion of lignification {unknown}
 O - a potion of magic


   Skills:
 * Level 16.5 Fighting
 - Level 14.0 Long Blades
 - Level 2.0 Throwing
 + Level 16.6 Dodging
 + Level 10.1 Stealth


You had 13 spell levels left.
You didn't know any spells.
Your spell library contained the following spells:

 Spells                   Type           Power      Damage    Failure   Level
 Apportation              Tloc           0%         N/A       50%         1
 Shock                    Conj/Air       0%         1d3       50%         1
 Sting                    Tmut/Pois      0%         1d3       50%         1
 Ensorcelled Hibernation  Hex/Ice        0%         N/A       65%         2
 Poisonous Vapours        Pois/Air       0%         N/A       65%         2
 Ignite Poison            Fire/Tmut/Pois 0%         N/A       86%         3
 Kindle Blastsparks       Fire/Tloc/Air  0%         2d10      86%         3
 Spider Form              Tmut/Pois      0%         N/A       86%         3
 Stone Arrow              Conj/Erth      0%         3d7       86%         3
 Swiftness                Air            0%         N/A       86%         3
 Airstrike                Air            0%         2d(0-16)  99%         4
 Anguish                  Hex/Necr       0%         N/A       99%         4
 Olgreb's Toxic Radiance  Pois           0%         N/A       99%         4
 Petrify                  Tmut/Erth      0%         N/A       99%         4
 Sticky Flame             Conj/Fire      0%         2d3       99%         4
 Alistair's Intoxication  Tmut/Pois      0%         N/A       100%        5
 Freezing Cloud           Conj/Ice/Air   0%         6-21      100%        5
 Metabolic Englaciation   Hex/Ice        0%         N/A       100%        5
 Statue Form              Tmut/Erth      0%         N/A       100%        6
 Ignition                 Fire           0%         3d3       100%        8
 Lehudib's Crystal Spear  Conj/Erth      0%         10d2      100%        8
 Animate Armour           Summ/Erth      Unusable   N/A       N/A         4

Dungeon Overview and Level Annotations

Branches:
Dungeon (10/15)            Temple (1/1) D:5            Lair (5/5) D:9
 Shoals (0/4) Lair:2        Snake (0/4) Lair:2        Slime (0/5) Lair:5
    Orc: D:9-12

Altars:
Ashenzari
Cheibriados
Dithmenos
Elyvilon
Fedhas
Gozag
Hepliaklqana
Kikubaaqudgha
Makhleb
Nemelex Xobeh
Okawaru
Qazlal
Ru
Sif Muna
Trog
Uskayaw
Vehumet
Wu Jian
Xom
Yredelemnul
Zin
The Shining One
Jiyva


Innate Abilities, Weirdness & Mutations

((You are very nimble when in or above water. (Stealth+, EV+, Speed+++)))
Your lower body shifts to a powerful aquatic tail in water.
You are partially covered in iridescent scales. (AC +2)
You are agile. (Dex +4, Str/Int -1)
You are strong-willed. (Will+)
Your natural rate of healing is unusually fast.


Message History

The fire dragon is almost dead.
The fire dragon completely misses you. x2; The fire dragon tramples you.
You hold your ground!
The komodo dragon misses you.
You slash the fire dragon!
You kill the fire dragon!
Okawaru accepts your kill.
The komodo dragon is engulfed in a cloud of scalding steam.
You slice the komodo dragon!! You tail-slap the komodo dragon.
The komodo dragon is heavily wounded.
The komodo dragon completely misses you.
You hit the komodo dragon. You tail-slap the komodo dragon.
The komodo dragon is severely wounded.
The komodo dragon bites you but does no damage.
You slash the komodo dragon! You punch the komodo dragon.
You kill the komodo dragon!
Okawaru accepts your kill.
The swamp dragon breathes poison at you.
The blast of poison misses you.
You are engulfed in poison gas.
You are poisoned.
You feel very sick.
You see here a komodo dragon corpse.
You are engulfed in poison gas.
You are more poisoned.
You feel very sick.
Your +0 pair of boots unmelds from your body.
You are engulfed in poison gas.
You are more poisoned.
You feel very sick.
You feel like a meek peon again.
You feel extremely sick.
You feel extremely sick.
You feel very sick.
The swamp dragon breathes poison at you.
The blast of poison misses you.
You are engulfed in poison gas.
You are lethally poisoned!
* * * LOW HITPOINT WARNING * * *
x2 You feel extremely sick.
You are engulfed in poison gas.
You are more poisoned.
* * * LOW HITPOINT WARNING * * *
You die...

♣♣♣♣♣♣♣♣♣♣~....#.###
♣♣♣♣.♣.♣~.♣♣~....#.## #
♣♣....~♣~≈.~~......#####
♣♣♣...♣♣.~.~♣~.≈..#..###..
♣♣..♣..♣~[≈♣♣♣♣♣♣...#..#...
♣♣.......[♣♣≈†♣♣♣♣#....#....
♣.......≈♣♣♣.....♣#...#.....
♣♣...≈~~.≈♣.♣♣♣..♣♣##........
♣♣♣..~.♣♣♣.†≈.@○○♣.♣ #.......~
♣...~~♣♣ ♣♣.~≈.○☼♣♣♣ #.......~
♣♣..~.♣♣ ♣♣..≈°☼☼○♣♣ #.......≈
♣~~≈~♣♣ ♣♣♣~.♣~○≈♣♣#.......≈
♣~≈≈♣♣ : ♣ ♣♣.♣D...♣#.......≈
♣..≈♣ .$♣.♣♣♣♣♣≈≈~♣#........
♣..~.. ...~..♣.♣†≈~♣#........
♣♣.P~≈~~ ≈~~~≈~..○≈~♣♣#........
♣♣≈..≈D.≈≈≈≈~≈≈~☼~~P.♣#........


You could see a swamp dragon (catching breath).

Vanquished Creatures
  A fire dragon (Lair:5)
  A hydra (Lair:5)
  A boulder beetle (Lair:3)
  4 death yaks (Lair:5)
  4 two-headed ogres
  A fire crab (Lair:2)
  A lindwurm (Lair:4)
  5 elephants (Lair:5)
  3 torpor snails
  Maggie (D:7)
  11 cane toads
  6 black mambas
  An efreet (D:10)
  11 komodo dragons
  2 rime drakes
  13 polar bears
  9 dream sheep
  Grinder (D:3)
  6 blink frogs (Lair:5)
  2 raiju (Lair:5)
  A snapping turtle (Lair:2)
  A wraith (D:9)
  3 wyverns
  A shadow (D:10)
  24 yaks
  A basilisk (Lair:1)
  Grum (D:8)
  5 steam dragons
  Menkaure (D:4)
  4 wargs (Lair:5)
  4 acid dragons
  15 hell hounds (Lair:5)
  10 water moccasins
  Pargi (D:3)
  3 orc warriors
  13 black bears
  2 sky beasts
  3 swamp drakes (Lair:5)
  5 ice beasts
  2 centaurs
  14 wolves
  2 phantoms
  3 kobold brigands
  Blork the orc (D:4)
  A gnoll sergeant (D:6)
  10 bullfrogs
  6 scorpions
  9 wights
  17 killer bees
  7 howler monkeys
  An electric eel (Lair:2)
  2 hounds
  2 jellies
  2 orc priests
  A gnoll bouda (D:5)
  8 iguanas
  5 orc wizards
  Robin (D:3)
  8 gnolls
  7 adders
  2 white imps
  2 worms
  3 dart slugs
  22 orcs
  4 endoplasms
  2 giant cockroaches
  16 goblins
  6 hobgoblins
  4 jackals (D:3)
  2 quokkas
  4 ball pythons
  3 bats
  2 frilled lizards (D:3)
  18 kobolds
  4 rats
385 creatures vanquished.

Vanquished Creatures (others)
  A komodo dragon (Lair:5)
  11 fungi
  54 plants
66 creatures vanquished.

Grand Total: 451 creatures vanquished

Notes
Turn   | Place    | Note
-------+----------+-------------------------------------------
     0 | D:1      | boo the Merfolk Gladiator began the quest for the Orb.
     0 | D:1      | Reached XP level 1. HP: 16/16 MP: 1/1
   821 | D:1      | Reached XP level 2. HP: 23/23 MP: 2/2
  1416 | D:2      | Reached XP level 3. HP: 21/28 MP: 3/3
  1758 | D:3      | Found a sacrificial altar of Ru.
  1765 | D:3      | Noticed Pargi
  1766 | D:3      | Gained mutation: You are partially covered in iridescent
                  | scales. (AC +2) [potion of mutation]
  1766 | D:3      | Gained mutation: You are strong-willed. (Will+) [potion of
                  | mutation]
  1766 | D:3      | Gained mutation: You are agile. (Dex +4, Str/Int -1)
                  | [potion of mutation]
  1766 | D:3      | Gained mutation: Your natural rate of healing is unusually
                  | fast. [potion of mutation]
  1795 | D:3      | Killed Pargi
  1796 | D:3      | Reached skill level 5 in Long Blades
  1796 | D:3      | Reached skill level 5 in Dodging
  1796 | D:3      | Reached XP level 4. HP: 33/35 MP: 4/4
  1796 | D:3      | Reached XP level 5. HP: 39/41 MP: 5/5
  1832 | D:3      | Found a sparkling altar of Nemelex Xobeh.
  1874 | D:3      | Found a blossoming altar of Fedhas.
  1958 | D:3      | Found a bloodstained altar of Trog.
  2006 | D:3      | Noticed Grinder
  2018 | D:3      | Paralysed by Grinder for 3 turns
  2028 | D:3      | Killed Grinder
  2029 | D:3      | Reached XP level 6. HP: 43/48 MP: 6/6
  2317 | D:3      | Found a broken altar of Ashenzari.
  2658 | D:4      | Reached XP level 7. HP: 48/55 MP: 7/7
  2762 | D:4      | Noticed Menkaure
  2773 | D:4      | Killed Menkaure
  2776 | D:4      | Noticed Robin
  2819 | D:3      | Killed Robin
  2851 | D:4      | Noticed Blork the orc
  2864 | D:4      | Killed Blork the orc
  2865 | D:4      | Reached skill level 5 in Fighting
  3051 | D:4      | Found a hide-covered altar of Uskayaw.
  3210 | D:5      | Entered Level 5 of the Dungeon
  3259 | D:4      | Reached XP level 8. HP: 62/62 MP: 8/8
  3534 | D:5      | Found a staircase to the Ecumenical Temple.
  3554 | Temple   | Entered the Ecumenical Temple
  3560 | Temple   | Became a worshipper of Warmaster Okawaru
  4637 | D:6      | Reached * piety under Okawaru
  4796 | D:6      | Reached skill level 10 in Long Blades
  4815 | D:6      | Reached XP level 9. HP: 54/71 MP: 9/9
  5214 | D:6      | Reached ** piety under Okawaru
  5904 | D:7      | Reached XP level 10. HP: 80/80 MP: 10/10
  6098 | D:7      | Noticed Maggie
  6115 | D:7      | Killed Maggie
  6116 | D:7      | Reached skill level 10 in Dodging
  6179 | D:8      | Noticed Grum
  6183 | D:8      | Reached *** piety under Okawaru
  6537 | D:8      | Noticed a two-headed ogre
  6546 | D:8      | Killed a two-headed ogre
  6646 | D:8      | Killed Grum
  6814 | D:9      | Noticed a two-headed ogre
  6835 | D:9      | Killed a two-headed ogre
  6901 | D:9      | Found a staircase to the Lair.
  6976 | D:9      | Found a radiant altar of Vehumet.
  7095 | D:9      | Reached XP level 11. HP: 71/89 MP: 11/11
  7099 | D:9      | Reached **** piety under Okawaru
  7803 | D:10     | Entered Level 10 of the Dungeon
  7814 | D:10     | Noticed a two-headed ogre
  7834 | D:10     | Killed a two-headed ogre
  7835 | D:10     | Reached skill level 10 in Fighting
  7995 | D:10     | Found a snail-covered altar of Cheibriados.
  8051 | D:10     | Noticed a two-headed ogre
  8062 | D:10     | Killed a two-headed ogre
  8232 | D:10     | Found a basalt altar of Yredelemnul.
  8271 | D:10     | Found an ancient bone altar of Kikubaaqudgha.
  8680 | Lair:1   | Entered Level 1 of the Lair of Beasts
  9286 | Lair:1   | Reached skill level 1 in Stealth
  9359 | Lair:2   | Found a staircase to the Snake Pit.
  9566 | Lair:2   | Reached ***** piety under Okawaru
  9566 | Lair:2   | Received a gift from Okawaru
  9954 | Lair:2   | Reached XP level 12. HP: 49/102 MP: 6/12
 10061 | Lair:2   | Identified the +9 flail "Paaxedd" {heavy, rN++ MP+9 Dex-4
                  | Stlth+}
 10406 | Lair:2   | Found a staircase to the Shoals.
 10843 | Lair:3   | Reached skill level 5 in Stealth
 11337 | Lair:3   | Received a gift from Okawaru
 11450 | Lair:3   | Noticed a boulder beetle
 11489 | Lair:3   | Killed a boulder beetle
 12028 | Lair:4   | Found a snail-covered altar of Cheibriados.
 12263 | Lair:4   | Received a gift from Okawaru
 12590 | Lair:5   | Entered Level 5 of the Lair of Beasts
 12852 | Lair:5   | Reached skill level 15 in Dodging
 12852 | Lair:5   | Reached XP level 13. HP: 107/113 MP: 10/13
 13338 | Lair:5   | Found a staircase to the Slime Pits.
 13338 | Lair:5   | Found a viscous altar of Jiyva.
 13571 | Lair:5   | Reached skill level 15 in Fighting
 13898 | Lair:5   | Received a gift from Okawaru
 14109 | Lair:5   | Received a gift from Okawaru
 14261 | Lair:5   | Identified the +0 scale mail "Gofurotu" {Regen+ Str+4
                  | Slay-4} (Okawaru gifted it to you on level 5 of the Lair of
                  | Beasts)
 14261 | Lair:5   | Received a gift from Okawaru
 14652 | Lair:5   | Reached XP level 14. HP: 121/125 MP: 14/14
 15085 | Lair:5   | Reached skill level 10 in Stealth
 15308 | Lair:5   | Succumbed to a swamp dragon's poison gas

Illustrated notes

Levels and vault maps discovered:
D:1:      dpeg_arrival_circle_labyrinth_a, layout_loops_corners
D:2:      layout_rooms, shapermc_ecumenical_altar_petra
D:3:      layout_loops_ring, nicolae_overflow_quartered_altars,
          evilmike_ruin_ashenzari, kennysheep_big_empty_room,
          kennysheep_generic_room_2, uniq_grinder, uniq_pargi
D:4:      layout_rooms, mainiacjoe_overflow_24_doors, uniq_blork_the_orc,
          uniq_menkaure, uniq_robin
D:5:      layout_cave_pods, minmay_temple_entry_butterflies
D:6:      layout_loops_ring, minmay_misc_feat_enclosed, grunt_ministairs_8,
          lemuel_flamethrower_2
D:7:      layout_basic, st_stairs_2, uniq_maggie
D:8:      layout_rooms, uniq_grum
D:9:      layout_irregular_city, mainiacjoe_overflow_tiny_flanked,
          lair_entry_dummy
D:10:     layout_roguey, yredelemnul_altar_generic,
          lemuel_zombie_altar_kikubaaqudgha, cheibriados_altar_1
Temple:   nicolae_temple_no_exploring_needed
Lair:1:   layout_long_grid, lemuel_fruit_tree
Lair:2:   layout_cave_pods, minmay_shoals_entry_hut,
          minmay_snake_entry_six_corridors
Lair:3:   layout_regular_city, serial_bayou_crossing,
          infiniplex_staircase_pool_2
Lair:4:   layout_hall_layers, columned_hall_lemuel, kennysheep_snail_temple
Lair:5:   guppyfry_lair_end_dragon, layout_cave_pods,
          hangedman_lair_caniforms_friends, slime_entry_1, serial_bayou_pond_a,
          disabler_island

Skill      XL: |  1  2  3  4  5  6  7  8  9 10 11 12 13 14 |
---------------+-------------------------------------------+-----
Long Blades    | 4 5 6 7 8 10 12 14 | 14.0
Fighting       | 3 4 5 6 7 9 11 14 16 | 16.5
Dodging        | 5 6 8 9 11 13 15 16 | 16.6
Stealth        | 3 7 9 10 | 10.1
Throwing       | |  2.0

Action                     |  1- 3 |  4- 6 |  7- 9 | 10-12 | 13-15 || total
---------------------------+-------+-------+-------+-------+-------++-------
  Melee: Long sword        |   107 |    93 |   481 |   779 |   742 ||  2202
         Punch             |       |     1 |     2 |    10 |    16 ||    29
         Scimitar          |       |       |       |       |     6 ||     6
         Tailslap          |       |       |       |       |    14 ||    14
  Throw: Throwing net      |       |       |     2 |     1 |       ||     3
 Invoke: Heroism           |       |       |     1 |    15 |     9 ||    25
  Evoke: Wand              |       |       |       |     1 |       ||     1
    Use: Potion            |     1 |       |       |       |     1 ||     2
         Scroll            |       |     6 |     4 |     9 |     5 ||    24
   Stab: Held in net/web   |       |       |     1 |     1 |       ||     2
         Sleeping          |       |       |     5 |    13 |     2 ||    20
         Distracted        |       |       |       |       |     2 ||     2
         Confused          |       |       |       |       |     1 ||     1
 Armour: Ring mail         |    71 |    28 |   144 |       |       ||   243
         Leather armour    |     2 |       |       |       |    25 ||    27
         Steam dragon scal |       |       |    36 |   116 |   148 ||   300
  Dodge: Dodged            |   101 |    79 |   448 |   616 |   910 ||  2154

Table legend: (Time is in decaauts)
 A = Elapsed time spent in this place.
 B = Non-inter-level travel time spent in this place.
 C = Inter-level travel time spent in this place.
 D = Time resting spent in this place.
 E = Time spent auto-exploring this place.
 F = Levels seen in this place.
 G = Mean time per level.
                   A        B        C        D        E       F      G
               +--------+--------+--------+--------+--------+-----+--------+
         Total |  14815 |  14033 |    782 |   2139 |   7722 |  16 |  925.9 |
       Dungeon |   8585 |   7934 |    651 |    903 |   5187 |  10 |  858.5 |
        Temple |     12 |     12 |      0 |      0 |      0 |   1 |   12.0 |
          Lair |   6217 |   6087 |    130 |   1236 |   2535 |   5 | 1243.4 |
               +--------+--------+--------+--------+--------+-----+--------+

Top non-repeatable levels by time:
  Lair:5: 2399 daAuts
     D:1: 1335 daAuts
  Lair:2: 1286 daAuts
  Lair:3: 1170 daAuts
     D:9: 1084 daAuts
     D:5: 1037 daAuts
     D:3: 970 daAuts
    D:10: 847 daAuts
     D:6: 841 daAuts
     D:7: 838 daAuts
  Lair:4: 733 daAuts
     D:4: 688 daAuts
  Lair:1: 627 daAuts
     D:2: 501 daAuts
     D:8: 440 daAuts
